← All builds
Suicide front / Armada / Factory first / OBSERVED BUILD

Standard suicide front

Armada Suicide front build order · Supreme Isthmus

The role's baseline: Bot Lab at 0:21 then straight into reclaim-fed T1 bot production to contest the middle and hold until T2 arrives, with an Advanced Metal Extractor around 9:45.

#rush · 2007 distinct matches · 229 players · 72% of Armada Suicide front games · team won 59% of 2381 · Recently observed

HOW TO PLAY IT

Key timing: Bot Lab by 0:20

  1. Open with mex and lab-first to get Bot Lab up by 0:20.
  2. Expand mex and wind while lab pumps units toward middle.
  3. Push Sentry and early Rocketeer, Centurion to contest middle.
  4. Get T2 constructor out once Pond's boost lets you spare metal.
  5. Upgrade mex to Advanced Metal Extractor as you transition off T1 spam.

Phase by phase

TYPICAL OF ITS 2007 GAMES
  1. 1
  2. 2
  3. 3
PLAY THE OPENING

Follow the example game's first 6:00 step by step: what to build now, what comes next, and where it goes. At 1× it keeps pace with your own game.

  1. 1

    Bot Lab first

    Order
    1. Bot LabBot Lab done ~0:21, middle half 0:20–0:33

    Some games also: mex (44%)

  2. 2

    Bot Lab to 5:00

    Economy
    • Metal Extractor5Mex
    • Wind Turbine4Wind
    Builders
    • Construction Bot3 Con bot
    • Lazarus2 Lazarus
    Army
    • Sentry4 Sentry
    • Rocketeer16 Rocketeer
    • Tick2 Tick
    • Centurion1 Centurion
    Other
    • Radar Tower1 Radar Tower

    Some games also: pawn (38%) · con turret (34%)

    By 5:00 in all: 5 mex · 4 wind

    The example game in this phase · 32 steps
    1. Mex
    2. Construction BotCon bot
    3. Mex
    4. SentrySentry
    5. LazarusLazarus
    6. Construction BotCon bot
    7. Mex
    8. CenturionCenturion
    9. Radar TowerRadar Tower
    10. TickTick ×2
    11. Construction BotCon bot ×2
    12. SentrySentry
    13. RocketeerRocketeer
    14. Mex
    15. RocketeerRocketeer
    16. SentrySentry
    17. BeamerBeamer
    18. RocketeerRocketeer ×2
    19. Mex
    20. BeamerBeamer
    21. SentrySentry
    22. RocketeerRocketeer
    23. BeamerBeamer
    24. LazarusLazarus
    25. BeamerBeamer
    26. TickTick
    27. LazarusLazarus
    28. RocketeerRocketeer ×5
    29. OverwatchOverwatch
    30. RocketeerRocketeer
    31. LazarusLazarus
    32. Con turret
  3. 3

    5:00 to 10:00

    Economy
    • Metal Extractor1Mex
    • Wind Turbine15Wind
    Builders
    • Construction Turret2 Con turret
    • Lazarus2 Lazarus
    • Construction Bot1 Con bot
    Army
    • Sentry1 Sentry
    • Rocketeer8 Rocketeer

    Some games also: pawn (49%) · Radar Tower (46%) · tick (45%) · centurion (44%) · energy storage (43%) · eat Bot Lab (31%)

    By 10:00 in all: 6 mex · 21 wind · 1 energy storage · 2 con turret

    The example game in this phase · 189 steps
    1. RocketeerRocketeer
    2. CenturionCenturion
    3. Radar TowerRadar Tower
    4. TickTick
    5. CenturionCenturion
    6. Mex
    7. GauntletGauntletdone 9:26
    8. Mex
    9. SentrySentry
    10. Dragon's TeethDragon's Teeth ×4
    11. Wind ×2
    12. Mex
    13. Dragon's TeethDragon's Teeth
    14. Wind
    15. Dragon's TeethDragon's Teeth ×2
    16. Mex
    17. Wind
    18. Solar
    19. CenturionCenturion
    20. Construction BotCon bot
    21. Wind
    22. Solar
    23. Wind
    24. Advanced Metal ExtractorT2 mexdone 9:58 · typical 9:46
    25. Solar
    26. Wind
    27. Construction BotCon bot
    28. Wind
    29. SentrySentry
    30. Construction BotCon bot
    31. Wind
    32. SentrySentry
    33. Construction BotCon bot
    34. Wind
    35. CenturionCenturion
    36. Wind
    37. CenturionCenturion
    38. Wind
    39. SentrySentry
    40. RocketeerRocketeer ×2
    41. Wind
    42. RocketeerRocketeer
    43. LazarusLazarus
    44. Wind
    45. LazarusLazarus
    46. Wind
    47. RocketeerRocketeer ×2
    48. Con turret
    49. RocketeerRocketeer
    50. Wind
    51. RocketeerRocketeer ×2
    52. SentrySentry
    53. Wind
    54. RocketeerRocketeer
    55. Advanced Metal ExtractorT2 mex
    56. Con turret
    57. SentrySentry
    58. RocketeerRocketeer
    59. Wind
    60. GauntletGauntlet
    61. RocketeerRocketeer ×2
    62. Wind
    63. RocketeerRocketeer
    64. Wind
    65. RocketeerRocketeer ×2
    66. Wind
    67. RocketeerRocketeer
    68. TickTick
    69. Dragon's TeethDragon's Teeth
    70. Wind
    71. TickTick
    72. Dragon's TeethDragon's Teeth ×2
    73. Con turret
    74. TickTick
    75. Dragon's TeethDragon's Teeth
    76. GauntletGauntlet
    77. TickTick
    78. Dragon's TeethDragon's Teeth
    79. Wind
    80. Dragon's TeethDragon's Teeth ×2
    81. TickTick ×3
    82. Wind
    83. TickTick
    84. Wind
    85. TickTick ×2
    86. Wind ×2
    87. TickTick
    88. Solar
    89. TickTick
    90. Wind
    91. TickTick
    92. Wind
    93. TickTick
    94. Solar
    95. TickTick
    96. Wind
    97. TickTick
    98. GauntletGauntlet
    99. Wind
    100. TickTick ×2
    101. Wind
    102. TickTick
    103. Wind
    104. TickTick
    105. Converter
    106. TickTick
    107. Wind
    108. TickTick
    109. Wind
    110. TickTick
    111. Converter
    112. TickTick
    113. Wind
    114. TickTick
    115. Wind
    116. TickTick
    117. Converter
    118. TickTick
    119. Wind
    120. Advanced Metal ExtractorT2 mex
    121. TickTick
    122. Wind
    123. TickTick
    124. Radar TowerRadar Tower
    125. Converter
    126. TickTick
    127. Wind
    128. TickTick
    129. Wind
    130. TickTick
    131. Converter
    132. TickTick
    133. Wind
    134. TickTick
    135. Wind
    136. TickTick
    137. Converter
    138. TickTick
    139. Wind
    140. TickTick
    141. Wind
    142. TickTick
    143. Converter
    144. Wind
    145. TickTick
    146. Con turret
    147. Wind
    148. TickTick
    149. BeamerBeamer
    150. Converter
    151. Wind
    152. TickTick
    153. Wind
    154. Converter
    155. Bot LabBot Labdone 14:14
    156. TickTick
    157. Wind
    158. TickTick
    159. Wind
    160. Converter
    161. TickTick
    162. Wind ×2
    163. TickTick
    164. Converter
    165. Con turret
    166. NettleNettle
    167. TickTick
    168. Wind
    169. Advanced Metal ExtractorT2 mex
    170. Wind
    171. Construction BotCon bot
    172. Converter
    173. TickTick
    174. Wind
    175. TickTick
    176. Converter
    177. Wind
    178. TickTick
    179. Wind
    180. TickTick
    181. Converter
    182. Wind
    183. TickTick
    184. Wind
    185. Con turret
    186. TickTick
    187. Converter
    188. Wind
    189. TickTick

Counts are medians over the build's games: half of them build more, half fewer. The example game is [BS]Nampukk's (31 OS, 22/08/2026); pick another.

Team trades

IN AT LEAST 30% OF ITS GAMES

You hand over

Nothing regular.

You get

  • Tidal Generator4 Tidal from Pondfirst at 0:10 · in 68% of games
  • Advanced Construction Bot1 T2 con bot from Geo or Techfirst at 7:41 · in 57% of games

How it plays out

Typical game of this build, running totals by minute

Metal produced

010k20k
0:005:0010:0015:00

metal

Enemy metal destroyed

05k10k
0:005:0010:0015:00

metal

Own metal lost

05k10k
0:005:0010:0015:00

metal

2381 games.

Show as table
ByMetal produced: This buildEnemy metal destroyed: This buildOwn metal lost: This build
1:0023000
2:0088700
3:002009184130
4:003110645502
5:00418513571001
6:00534921831713
7:00653930512597
8:00776039383502
9:00904546934382
10:001041853145176
11:001189258555965
12:001360364066686
13:001541268767439
14:001729875038212
15:001926981098997
WHAT THE NUMBERS SAY

Standard Suicide front play wins a bit over half its games while taking the heaviest own losses of any role by 15:00.

  • + Produces 20142 metal by 15:00, highest of the front roles.
  • + First kill by 2:01 in all games, fastest contest of middle.
  • − Own metal lost hits 9178 by 15:00, more than enemy metal destroyed.
  • − Only 34% Rocketeer share shows army spread thin across many bot types.
THE EXAMPLE YOU ARE READING

[BS]Nampukk

31.1 OS · 22/08/2026

Open source match ↗

11 received units · includes a constructor
71 metal received · 7933 energy received

Allied construction assistance is unknown. Timings are observations, not a promise of solo reproducibility.

Typical milestones

Bot Lab0:21Middle 50%: 0:20–0:33 · n=2373
Advanced Metal Extractor9:46Middle 50%: 8:50–10:58 · n=1721

Played most by

_X_262games of this buildPlatinumBlonde188games of this buildXad166games of this buildTrapCaT107games of this buildImmort80games of this build